 Dungeon Crawl Stone Soup version 0.28-a0-1518-gbe868bca14 (webtiles) character file.

Game seed: 1268778029760747634

709 hashsling the Magician (level 7, -2/36 HPs)
             Began as a Deep Elf Conjurer on Jan 16, 2022.
             Killed from afar by an acid dragon (28 damage)
             ... with a splash of acid
             ... on level 5 of the Dungeon.
             The game lasted 00:12:06 (4366 turns).

hashsling the Magician (Deep Elf Conjurer)          Turns: 4366, Time: 00:12:09

Health: -2/36      AC:  4    Str:  4    XL:     7   Next: 40%
Magic:  5/20       EV: 13    Int: 25    God:
Gold:   142        SH:  0    Dex: 13    Spells: 7/21 levels left

rFire   . . .      SeeInvis .   o - +1 spear (venom)
rCold   . . .      Faith    .   (no shield)
rNeg    . . .      Spirit   .   c - +0 robe
rPois   .          Reflect  .   b - +1 hat
rElec   .          Harm     .   (no cloak)
rCorr   .          Rampage  .   m - +0 pair of gloves
Will    .....                   (no boots)
Stlth   ++........              (no amulet)
HPRegen 0.12/turn               (no ring)
MPRegen 0.17/turn               (no ring)

@: no status effects
A: no striking features
a: no special abilities


You were on level 5 of the Dungeon.
You visited 1 branch of the dungeon, and saw 5 of its levels.

You collected 142 gold pieces.

Inventory:

Hand Weapons
 o - a +1 spear of venom (weapon)
Armour
 b - a +1 hat (worn)
 c - a +0 robe (worn)
 m - a +0 pair of gloves (worn)
Scrolls
 d - 2 scrolls of identify {unknown}
 g - a scroll of amnesia {unknown}
 h - 2 scrolls of teleportation {unknown}
 n - a scroll of vulnerability {unknown}
Potions
 a - a potion of magic {unknown}
 e - a potion of flight {unknown}
 f - a potion of lignification {unknown}
 i - a potion of might {unknown}
 j - 2 potions of berserk rage {unknown}
 k - a potion of mutation {unknown}
 l - a potion of heal wounds {unknown}


   Skills:
 - Level 4.0 Dodging
 - Level 3.0 Stealth
 * Level 7.5 Spellcasting
 * Level 7.4 Conjurations


You had 7 spell levels left.
You knew the following spells:

 Your Spells              Type           Power      Damage    Failure   Level
a - Magic Dart            Conj           100%       1d8       1%          1
b - Searing Ray           Conj           92%        2d7       1%          2
c - Dazzling Flash        Conj/Hex       54%        N/A       4%          3
d - Fulminant Prism       Conj/Hex       13%        3d9       14%         4
e - Iskenderun's Mystic   Conj/Tloc      27%        2d7       14%         4

Your spell library contained the following spells:

 Spells                   Type           Power      Damage    Failure   Level
 Animate Skeleton         Necr           18%        N/A       6%          1
 Apportation              Tloc           18%        N/A       6%          1
 Summon Small Mammal      Summ           36%        N/A       6%          1
 Gell's Gravitas          Tloc           9%         N/A       19%         3
 Lesser Beckoning         Tloc           9%         N/A       19%         3
 Summon Guardian Golem    Hex/Summ       9%         N/A       19%         3
 Teleport Other           Tloc           9%         N/A       19%         3
 Orb of Destruction       Conj           23%        9d8       95%         7
 Spellforged Servitor     Conj/Summ      13%        N/A       100%        7


Dungeon Overview and Level Annotations

Branches:
Dungeon (5/15)
 Temple: D:4-7

Altars:
Elyvilon
Kikubaaqudgha
Xom

Shops:
D:1 :   D:2 (

Annotations:
D:2 1 runed translucent door, Crazy Yiuf
D:4 2 transporters, Xenoroth's ghost, novice OgBe
D:5 4 runed translucent doors


Message History

The centaur is almost dead. (Press . to maintain the ray.)
The centaur barely misses you. The centaur completely misses you.
The centaur closely misses you. The centaur completely misses you.
The searing ray hits the centaur.
You kill the centaur!
Something shouts, "Away with thee, thou rough-hewn wibble-sucking measle!"
A white imp comes into view.
You closely miss the white imp. The white imp gestures at you.
The puff of frost hits you.
Casting: Searing Ray (safe; 1% risk of failure)
Confirm with . or Enter, or press ? or * to list all spells.
Aiming: Searing Ray (safe; 1% risk of failure)
Press: ? - help, Shift-Dir - straight line, f - white imp
Aim: a white imp (82% to hit)
The searing ray hits the white imp!
You kill the white imp! (Press . to maintain the ray.)
There is an open door, spattered with blood here.
Things that are here:
a +0 shortbow; 16 arrows An acid dragon comes into view.
The acid dragon roars!
There is an open door, spattered with blood here.
Things that are here:
a +0 shortbow; 16 arrows
Casting: Searing Ray (safe; 1% risk of failure)
Confirm with . or Enter, or press ? or * to list all spells.
Casting: Dazzling Flash (dangerous; 4% risk of failure)
Press: ? - help, Dir - look around, f - activate
Casting: Dazzling Flash (dangerous; 4% risk of failure)
Confirm with . or Enter, or press ? or * to list all spells.
Casting: Dazzling Flash (dangerous; 4% risk of failure)
Press: ? - help, Dir - look around, f - activate The acid dragon is dazzled.
The acid dragon spits acid at you. The splash of acid hits you!!
Ouch! That really hurt!
You die...

#.# #.# ## #.## .##
#..# ##.#.#..#
#.D.##..# #@###...#
######.......#
...##8[:8##.###..#
...#8....8#.###.##
.. ..+.....O+.....#
....
#.+......+.#.###
....
##.#8..!.8#...#
....
#..##8|?8##.###
....###...######..#


You could see an acid dragon (blind, catching breath).

Vanquished Creatures
  A necrophage (D:4)
  An ogre (D:4)
  2 centaurs
  A gnoll sergeant (D:4)
  2 hounds
  3 iguanas
  Natasha (thrice) (D:3)
  3 gnolls (D:4)
  2 adders
  A white imp (D:5)
  An adder skeleton (D:4)
  5 dart slugs
  4 orcs (D:4)
  4 endoplasms (D:2)
  3 giant cockroaches
  5 goblins
  5 hobgoblins
  A quokka (D:2)
  3 ball pythons
  4 bats
  9 kobolds
  4 rats
67 creatures vanquished.

Notes
Turn   | Place    | Note
-------+----------+-------------------------------------------
     0 | D:1      | hashsling the Deep Elf Conjurer began the quest for the
                  | Orb.
     0 | D:1      | Reached XP level 1. HP: 10/10 MP: 6/6
    49 | D:1      | Found Bony's Book Shop.
   469 | D:1      | Reached XP level 2. HP: 15/15 MP: 5/8
   472 | D:1      | Learned a level 2 spell: Searing Ray
  1149 | D:2      | Found Qaacs's Antique Weapon Shoppe.
  1257 | D:2      | Found a faded altar of an unknown god.
  1268 | D:2      | Reached XP level 3. HP: 19/19 MP: 8/10
  1272 | D:2      | Learned a level 3 spell: Dazzling Flash
  1654 | D:2      | Found a runed translucent door.
  1655 | D:2      | Noticed Crazy Yiuf
  1856 | D:3      | Noticed Natasha
  1861 | D:3      | Killed Natasha
  1862 | D:3      | Reached skill level 5 in Conjurations
  1862 | D:3      | Reached XP level 4. HP: 24/24 MP: 6/12
  1920 | D:3      | Learned a level 4 spell: Fulminant Prism
  1954 | D:3      | Noticed Natasha
  1960 | D:3      | Killed Natasha
  2027 | D:3      | Noticed Natasha
  2031 | D:3      | Killed Natasha
  2192 | D:3      | Found a shimmering altar of Xom.
  2611 | D:4      | Noticed a centaur
  2643 | D:4      | Reached skill level 5 in Spellcasting
  2643 | D:4      | Reached XP level 5. HP: 26/28 MP: 5/14
  2648 | D:4      | Learned a level 4 spell: Iskenderun's Mystic Blast
  3041 | D:4      | Noticed an ogre
  3050 | D:4      | Killed an ogre
  3051 | D:4      | Reached XP level 6. HP: 32/32 MP: 3/16
  3425 | D:4      | Found a transporter.
  3455 | D:4      | Noticed Xenoroth's ghost (novice OgBe)
  3456 | D:4      | Found a transporter.
  3645 | D:4      | Reached XP level 7. HP: 17/36 MP: 7/19
  3931 | D:4      | Found a white marble altar of Elyvilon.
  4093 | D:4      | Found an ancient bone altar of Kikubaaqudgha.
  4239 | D:5      | Entered Level 5 of the Dungeon
  4319 | D:5      | Found a large runed translucent door.
  4320 | D:5      | Found a large runed translucent door.
  4324 | D:5      | Found a large runed translucent door.
  4324 | D:5      | Found a large runed translucent door.
  4325 | D:5      | Noticed a two-headed ogre
  4366 | D:5      | Killed from afar by an acid dragon

Illustrated notes

Levels and vault maps discovered:
D:1:      minmay_arrival_stone_box, layout_loops_ring, serial_shops,
          nicolae_shop_hallway_stairs
D:2:      layout_loops_ring, hellmonk_ecumenical_altar_crossroads, serial_shops,
          nicolae_shop_competitors_out_of_business, kennysheep_cross_room,
          st_stairs_1, uniq_crazy_yiuf_cottage
D:3:      layout_rooms, nicolae_overflow_crystal_walls, uniq_natasha
D:4:      layout_basic, lemuel_coloured_pillars_altar, elyvilon_altar_1,
          gammafunk_ghost_mausoleum, lightli_minifort
D:5:      layout_basic, nicolae_gozag_cash_rules_everything_around_me,
          jmf_multi_god_temple2, minivault_19, minmay_hollow_rounded_squares

Skill      XL: |  1  2  3  4  5  6 |
---------------+-------------------+-----
Dodging        | 3 4 |  4.0
Stealth        | 3 |  3.0
Spellcasting   | 4 5 7 |  7.5
Conjurations   | 5 6 7 |  7.4

Action                   |  1- 3 |  4- 6 |  7- 9 || total
-------------------------+-------+-------+-------++-------
Melee: Battleaxe         |       |     3 |       ||     3
       Spear             |       |       |     2 ||     2
 Cast: Magic Dart        |    61 |    67 |    12 ||   140
       Searing Ray       |       |     5 |     4 ||     9
       Dazzling Flash    |       |       |     2 ||     2
 Stab: Sleeping          |       |       |     1 ||     1
Armor: Robe              |     1 |     5 |     2 ||     8
Dodge: Dodged            |     2 |    17 |    10 ||    29

Table legend: (Time is in decaauts)
 A = Elapsed time spent in this place.
 B = Non-inter-level travel time spent in this place.
 C = Inter-level travel time spent in this place.
 D = Time resting spent in this place.
 E = Time spent auto-exploring this place.
 F = Levels seen in this place.
 G = Mean time per level.
                   A        B        C        D        E       F      G
               +--------+--------+--------+--------+--------+-----+--------+
         Total |   4366 |   4223 |    143 |      0 |   3731 |   5 |  873.2 |
       Dungeon |   4366 |   4223 |    143 |      0 |   3731 |   5 |  873.2 |
               +--------+--------+--------+--------+--------+-----+--------+

Top non-repeatable levels by time:
     D:4: 1628 daAuts
     D:2: 973 daAuts
     D:1: 822 daAuts
     D:3: 814 daAuts
     D:5: 126 daAuts
